Map: Lerilak Crest

Players

Javert - Winner!

  • Race: Zerg Zerg
  • League: Grandmaster

Emergency

  • Race: Protoss Protoss
  • League: Grandmaster

VOD

Have the link to the VOD?

Description

Time

  • Played on: June 13, 2015, 2:12 p.m.
  • Length: 9:58
Show
View Real Time Build Order
Export as new Build Order

Javert Zerg - Winner!

Build Orders: Hatch First 

Get SALT Encoding   

  12  0:02  Drone  
  13  0:13  Overlord  
  13  0:18  Drone  
  14  0:32  Drone x2  
  16  0:36  Drone  
  17  0:46  Drone  
  18  0:59  Hatchery, Extractor  
  16  1:12  Spawning Pool  
  16  1:14  Drone  
  16  1:17  Drone  
  17  1:23  Drone  
  18  1:30  Drone  
  19  1:40  Overlord  
  19  1:53  Drone  
  20  2:00  Metabolic Boost  
  20  2:01  Queen  
  20  2:07  Zergling x2  
  23  2:10  Queen  
  23  2:12  Zergling x2  
  23  2:13  Zergling x2  
  27  2:28  Zergling x4  
  29  2:35  Drone x2  
  31  2:51  Zergling x2  
  31  2:52  Zergling x2  
  33  3:02  Overlord  
  32  3:09  Zergling x2  
  32  3:10  Zergling x4  
  34  3:22  Zergling x12  
  34  3:23  Zergling x6  
  41  3:34  Overlord  
  41  3:40  Drone x2  
  40  3:53  Drone x2  
  40  3:54  Drone  
  40  3:55  Hatchery  
  40  4:08  Drone  
  40  4:09  Drone x7  
  46  4:17  Drone x2  
  47  4:24  Zergling x4  
  48  4:37  Zergling x4  
  49  4:45  Drone  
  49  4:46  Drone x3  
  49  4:49  Overlord x2  
  49  4:52  Extractor x2  
  49  4:53  Extractor  
  49  4:58  Zergling x8  
  52  5:06  Queen  
  54  5:07  Overlord x2  
  48  5:42  Roach Warren  
  45  5:43  Drone x4  
  45  5:44  Drone x7  
  53  6:01  Lair  
  53  6:10  Overlord x2  
  53  6:16  Overlord  
  53  6:17  Overlord  
  53  6:22  Roach x8  
  53  6:23  Roach x4  
  77  6:31  Hatchery  
  76  6:36  Pneumatized Carapace  
  76  6:46  Zergling x2  
  77  6:47  Zergling x18  
  86  6:55  Drone x3  
  86  6:59  Burrow  
  86  7:01  Glial Reconstitution  
  89  7:16  Hydralisk Den  
  89  7:17  Drone x10  
  89  7:18  Drone x3  
  89  7:19  Evolution Chamber x2  
  99  7:30  Drone x3  
  99  7:31  Drone x5  
  106  7:46  Extractor  
  106  7:47  Extractor  
  106  7:50  Muscular Augments  
  104  7:52  Zerg Missile Weapons Level 1, Zerg Ground Armor Level 1  
  104  8:04  Overlord x2  
  104  8:05  Hydralisk x3  
  106  8:09  Queen  
  112  8:17  Zergling x14  
  112  8:19  Hatchery  
  118  8:31  Hydralisk  
  118  8:32  Hydralisk x8  
  136  8:44  Overlord x2  
  136  8:48  Overlord x3  
  136  9:11  Hydralisk x11  
  158  9:19  Drone x3  
Show
View Real Time Build Order
Export as new Build Order

Emergency Protoss 

Build Orders:  

Get SALT Encoding   

  12  0:02  Probe  
  13  0:15  Pylon  
  13  0:19  Probe  
  14  0:35  Gateway  
  14  0:37  Probe  
  15  0:42  Assimilator  
  15  0:49  Probe (Chrono Boost)  
  16  0:59  Probe (Chrono Boost)  
  17  1:08  Pylon  
  17  1:09  Probe (Chrono Boost)  
  19  1:19  Probe (Chrono Boost)  
  19  1:25  Cybernetics Core  
  19  1:28  Probe  
  19  1:29  Zealot  
  22  1:40  Pylon  
  22  1:42  Probe  
  23  1:54  Probe  
  24  2:02  Warp Gate (Chrono Boost)  
  24  2:06  Probe (Chrono Boost)  
  24  2:07  Gateway  
  25  2:08  Gateway  
  25  2:18  Probe (Chrono Boost)  
  25  2:22  Gateway  
  26  2:27  Adept  
  26  2:29  Probe  
  29  2:41  Mothership Core  
  31  2:54  Adept  
  31  2:55  Adept  
  35  3:06  Pylon  
  33  3:16  Probe  
  34  3:24  Gateway  
  34  3:26  Pylon  
  34  3:45  Pylon  
  34  3:53  Zealot x2  
  34  3:54  Zealot x2  
  33  4:19  Pylon  
  33  4:20  Zealot  
  33  4:21  Zealot x3  
  34  4:38  Probe (Chrono Boost)  
  33  4:54  Nexus  
  33  4:56  Assimilator  
  33  4:59  Adept x2  
  37  5:00  Assimilator  
  37  5:02  Sentry  
  37  5:03  Pylon  
  37  5:06  Probe (Chrono Boost)  
  40  5:10  Assimilator  
  40  5:19  Zealot  
  40  5:21  Adept  
  39  5:39  Stalker x2  
  42  5:47  Probe (Chrono Boost)  
  43  5:59  Probe (Chrono Boost)  
  44  6:05  Adept x3  
  50  6:11  Probe x2  
  52  6:22  Robotics Facility  
  52  6:26  Probe (Chrono Boost)  
  52  6:32  Probe (Chrono Boost)  
  54  6:35  Pylon  
  54  6:42  Probe (Chrono Boost)  
  56  6:47  Probe (Chrono Boost)  
  56  6:51  Probe (Chrono Boost)  
  58  6:55  Probe (Chrono Boost)  
  58  6:56  Pylon  
  58  6:59  Probe (Chrono Boost)  
  58  7:00  Stalker x2  
  58  7:01  Sentry  
  65  7:02  Sentry  
  66  7:11  Probe (Chrono Boost)  
  68  7:16  Probe (Chrono Boost)  
  68  7:25  Stalker  
  68  7:26  Stalker  
  72  7:37  Forge  
  72  7:40  Pylon  
  72  7:45  Gateway  
  72  7:48  Probe (Chrono Boost)  
  74  7:54  Probe (Chrono Boost)  
  74  7:57  Pylon  
  74  8:24  Nexus  
  74  8:36  Pylon  
  74  8:37  Pylon  
  74  8:40  Assimilator  
  74  8:45  Assimilator  
  74  8:51  Probe  
  74  8:53  Robotics Bay  
  74  8:55  Sentry x2  
  77  8:58  Sentry  
  77  9:02  Observer (Chrono Boost)  
  82  9:09  Sentry x2  
  86  9:21  Photon Cannon  
  86  9:26  Pylon  
  60  9:39  Zealot x3  
  60  9:40  Zealot  
Tags
 
Add a new tag
Caveats
  • Supply blocks, unpowered buildings, or Contaminate may cause inaccurate times.
  • Supply counts are checked every 10 seconds.